Map: Prion Terraces

Players

PerseVerAnce

  • Race: Terran Terran
  • League: Diamond

Geniewiz - Winner!

  • Race: Terran Terran
  • League: Platinum

VOD

Have the link to the VOD?

Description

Losing in a basetrade while ahead #2.

Time

  • Played on: Jan. 7, 2016, 1:59 a.m.
  • Length: 14:59
Show
View Real Time Build Order
Export as new Build Order

PerseVerAnce Terran 

Build Orders:  

Get SALT Encoding   

  12  0:00  SCV  
  13  0:13  SCV  
  14  0:17  Supply Depot  
  14  0:25  SCV  
  15  0:28  Refinery  
  15  0:43  Barracks  
  15  0:45  SCV  
  16  0:57  SCV  
  17  1:09  SCV  
  18  1:13  Refinery  
  18  1:21  SCV  
  19  1:31  Reaper  
  20  1:33  Supply Depot, SCV  
  21  1:46  Orbital Command  
  21  1:52  Factory  
  21  2:09  Reaper  
  21  2:14  SCV  
  23  2:26  SCV  
  24  2:38  SCV  
  24  2:40  Hellion  
  27  2:51  Supply Depot  
  27  2:53  SCV  
  27  2:55  Starport  
  27  2:57  Barracks Reactor  
  28  3:09  Hellion  
  29  3:18  SCV  
  30  3:23  Command Center  
  30  3:30  SCV, Factory Tech Lab  
  31  3:37  Marine x2, Starport Tech Lab  
  33  3:42  SCV  
  33  3:54  SCV  
  33  3:55  Marine  
  34  3:57  Siege Tank  
  36  4:03  Marine  
  36  4:05  Cloaking Field  
  36  4:06  SCV  
  38  4:11  Banshee  
  41  4:17  Supply Depot  
  41  4:18  SCV  
  41  4:24  Marine x2  
  44  4:32  Siege Tank  
  44  4:33  Barracks  
  47  4:39  SCV  
  48  4:47  Orbital Command  
  48  4:57  Banshee  
  51  5:02  SCV  
  51  5:05  Engineering Bay  
  52  5:07  Marine x2  
  54  5:14  SCV x2  
  54  5:18  Refinery  
  56  5:22  Barracks Tech Lab, Engineering Bay  
  56  5:24  Barracks Reactor  
  56  5:27  Barracks  
  56  5:28  Marine  
  56  5:29  Marine  
  58  5:53  Siege Tank, Barracks, Marine  
  58  5:54  Marine  
  58  5:56  Starport Reactor  
  60  5:58  SCV x2  
  61  6:10  SCV x2  
  62  6:22  SCV x2  
  62  6:23  Terran Infantry Weapons Level 1, Terran Infantry Armor Level 1  
  62  6:25  Siege Tank  
  66  6:34  SCV x2  
  66  6:36  Marine x2  
  66  6:39  Missile Turret  
  70  6:45  Supply Depot  
  70  6:55  Missile Turret  
  70  7:06  Marine x3  
  70  7:07  SCV x2, Medivac, Marine  
  78  7:11  Supply Depot  
  78  7:14  Stimpack  
  78  7:16  Barracks  
  78  7:17  Marine  
  78  7:19  SCV  
  78  7:22  SCV  
  78  7:27  Refinery  
  78  7:33  SCV, Marine x4  
  78  7:34  Supply Depot, SCV  
  84  7:41  Marine  
  85  7:51  Marine  
  86  7:56  SCV x2, Siege Tank, Medivac  
  93  8:00  Supply Depot  
  93  8:01  Marine  
  93  8:03  Barracks Reactor  
  93  8:05  Barracks Reactor  
  94  8:10  Marine x2  
  86  8:31  SCV x2  
  88  8:43  SCV  
  88  8:45  Supply Depot, Marine x3  
  88  8:46  Marine x4  
  88  8:47  Marine x2  
  88  8:48  Command Center  
  98  8:52  SCV  
  99  9:02  SCV  
  100  9:04  SCV  
  100  9:05  Marine  
  100  9:06  Marine x4  
  106  9:10  Supply Depot  
  106  9:14  Combat Shields  
  106  9:15  Marine x3  
  109  9:33  Marine x4  
  109  9:34  Marine x5  
  105  9:49  Medivac x2  
  105  9:51  Marine x3  
  104  10:17  Marine x7  
  104  10:18  Marine x2  
  100  10:27  Siege Tank, Medivac  
  100  10:28  Medivac  
  104  10:36  SCV x2  
  104  10:40  Marine x6  
  104  10:41  Marine x3  
  115  10:46  Armory  
  115  10:58  Marine x3  
  118  11:11  SCV x2, Marine x3  
  120  11:12  Marine  
  120  11:13  Planetary Fortress  
  120  11:17  Marine x4  
  128  11:29  Marine  
  129  11:38  Marine x4  
  129  11:39  Marine x2  
  128  11:45  SCV x2  
  124  11:48  Marine  
  124  11:49  Siege Tank, Marine x2  
  124  11:50  Medivac x2  
  134  11:54  SCV  
  134  11:57  SCV  
  136  12:13  Command Center  
  136  12:22  Siege Tank  
  139  12:29  SCV x2  
  141  12:38  SCV, Marine x2  
  141  12:39  Marine x4  
  141  12:43  Marine  
  91  13:34  Orbital Command  
  77  14:01  Marine x2  
  75  14:03  Factory Tech Lab  
  75  14:05  Barracks Reactor  
  62  14:19  Marine x2  
  62  14:37  Marine  
  62  14:51  Barracks Reactor  
Show
View Real Time Build Order
Export as new Build Order

Geniewiz Terran - Winner!

Build Orders: MMM Bio 

Get SALT Encoding   

  12  0:01  SCV  
  13  0:13  SCV  
  14  0:19  Supply Depot  
  14  0:25  SCV  
  15  0:40  SCV  
  15  0:41  Barracks  
  16  0:44  Refinery  
  16  0:52  SCV  
  17  1:04  SCV  
  18  1:16  SCV  
  19  1:30  Barracks Reactor, Orbital Command  
  19  1:45  Command Center  
  19  1:59  SCV  
  20  2:07  Marine x2  
  21  2:11  SCV  
  22  2:16  Factory  
  22  2:17  Refinery  
  22  2:25  Supply Depot  
  22  2:26  SCV  
  23  2:46  SCV, Marine x2  
  26  2:58  Barracks  
  26  3:01  Starport  
  26  3:04  Marine x2  
  26  3:09  Factory Reactor  
  26  3:11  Orbital Command  
  26  3:13  SCV  
  27  3:25  SCV  
  27  3:26  Marine x2  
  30  3:36  SCV  
  30  3:37  SCV  
  32  3:46  Widow Mine x2  
  36  3:49  SCV x2, Barracks Tech Lab  
  38  4:01  SCV  
  38  4:02  SCV  
  40  4:03  Bunker  
  40  4:07  Supply Depot  
  40  4:09  Supply Depot  
  40  4:10  Stimpack  
  42  4:22  Marauder, Marine x2  
  44  4:25  SCV x2  
  44  4:29  Medivac x2  
  50  4:37  SCV x2  
  52  4:40  Factory Tech Lab  
  52  4:44  Refinery  
  52  4:45  Refinery  
  52  4:56  Engineering Bay  
  52  4:59  Viking x2  
  56  5:04  SCV x2  
  58  5:13  Marine  
  58  5:14  Marauder, Marine  
  62  5:23  Missile Turret  
  62  5:26  Missile Turret  
  62  5:39  SCV  
  62  5:45  SCV  
  62  6:09  Supply Depot  
  62  6:11  Supply Depot  
  62  6:14  Combat Shields  
  62  6:15  Marauder  
  62  6:22  Engineering Bay  
  62  6:29  SCV x2  
  62  6:30  Armory, Medivac x2, Marine x2  
  68  6:40  Siege Tank  
  68  6:41  SCV x2  
  68  6:42  Command Center  
  71  6:58  Terran Infantry Weapons Level 1, Terran Infantry Armor Level 1  
  70  7:07  SCV x2  
  71  7:16  Barracks  
  71  7:17  Barracks  
  71  7:33  Marine x2  
  71  7:34  Marauder, Medivac  
  77  7:40  Supply Depot  
  77  7:42  Supply Depot  
  77  7:46  SCV  
  78  7:53  SCV, Medivac  
  78  7:54  Concussive Shells  
  78  7:57  Orbital Command  
  76  8:16  Medivac  
  76  8:18  Barracks Reactor, Barracks Tech Lab  
  76  8:19  Marauder, Marine x2  
  74  8:23  Medivac  
  74  8:26  Orbital Command  
  69  8:42  Marauder  
  69  8:43  Marauder, Marine x2  
  69  8:46  Siege Tank, Medivac  
  80  8:49  Terran Vehicle Weapons Level 1  
  80  8:52  SCV x3  
  80  8:53  Medivac  
  85  9:01  Supply Depot  
  85  9:02  Supply Depot  
  85  9:05  Marauder  
  85  9:06  Marauder, Marine x4  
  93  9:13  Barracks x2  
  93  9:15  Supply Depot  
  93  9:16  Supply Depot  
  93  9:22  SCV x2  
  93  9:23  SCV  
  96  9:25  Siege Tank  
  96  9:26  Marine x2  
  96  9:27  Marine x2  
  96  9:28  Marauder x2  
  75  9:51  Marine x2  
  75  9:52  Marauder, Marine x2  
  76  9:53  Marauder  
  77  10:06  Barracks Tech Lab x2  
  77  10:07  Terran Infantry Weapons Level 2, Terran Infantry Armor Level 2  
  74  10:17  Command Center  
  73  10:31  Marauder  
  73  10:32  Marauder x2, Marine x3  
  73  10:33  Marauder, Marine  
  84  11:03  Marauder x2  
  84  11:04  Marine x4, Marauder x2  
  94  11:36  Marine, Marauder x2  
  94  11:37  Marine  
  94  11:38  Marine x2, Marauder x2  
  94  11:39  Medivac x2  
  98  12:03  Marauder  
  98  12:04  Marine, Marauder  
  98  12:05  Marauder  
  98  12:08  Command Center  
  105  12:09  Medivac x2  
  109  12:28  Siege Tank  
  109  12:29  Marauder x2  
  116  12:30  Marine x2  
  116  12:31  Marauder  
  115  12:53  Marauder  
  115  12:54  Marine x3, Marauder x3  
  115  12:55  Marine  
  107  13:13  Marine x3  
  107  13:14  Marauder, Marine  
  107  13:15  Marauder  
  107  13:16  Marauder  
  117  13:26  SCV x3  
  109  13:37  Barracks Tech Lab  
  99  14:06  Marine x2, Marauder x2  
  99  14:07  Marine, Marauder  
  99  14:08  Marauder, Medivac x2, Marine  
  111  14:16  Orbital Command  
  111  14:19  Command Center  
  111  14:33  Refinery  
  111  14:35  Refinery  
  110  14:50  Command Center  
Tags
 
Composition
MMM Bio
Matchup
TvT
Race
Terran
Add a new tag
Caveats
  • Supply blocks, unpowered buildings, or Contaminate may cause inaccurate times.
  • Supply counts are checked every 10 seconds.